 Dungeon Crawl Stone Soup version 0.21-a0-278-ga722497 (webtiles) character file.

11 vishdafish the Skirmisher (level 2, 24/24 HPs)
             Began as a Demonspawn Fighter on Sept 22, 2017.
             Quit the game on level 1 of the Dungeon.
             The game lasted 00:00:27 (194 turns).

vishdafish the Skirmisher (Demonspawn Fighter)       Turns: 194, Time: 00:00:27

Health: 24/24      AC:  6    Str: 16    XL:     2   Next: 17%
Magic:  2/2        EV:  6    Int:  9    God:
Gold:   43         SH:  8    Dex: 12    Spells: 1/1 levels left

rFire    . . .     SeeInvis .   a - +0 long sword
rCold    . . .     Gourm    .   c - +0 shield
rNeg     . . .     Faith    .   b - +0 scale mail
rPois    .         Spirit   .   (no helmet)
rElec    .         Reflect  .   (no cloak)
rCorr    .         Harm     .   (no gloves)
MR       .....                  (no boots)
Stlth    ..........             (no amulet)
HPRegen  0.08/turn              (no ring)
MPRegen  0.08/turn              (no ring)

@: no status effects
A: sanguine armour 1
a: no special abilities


You were on level 1 of the Dungeon.
You were not hungry.

You visited 1 branch of the dungeon, and saw 1 of its levels.

You collected 43 gold pieces.

Inventory:

Hand Weapons
 a - a +0 long sword (weapon)
Armour
 b - a +0 scale mail (worn)
 c - a +0 shield (worn)
Potions
 d - a potion of might
 e - a potion of degeneration {unknown}
 g - a potion of cancellation {unknown}
 i - a potion of heal wounds {unknown}
 j - a potion of curing {unknown}
Comestibles
 f - a bread ration
 h - a royal jelly


   Skills:
 + Level 3.1 Fighting
 + Level 2.0 Long Blades
 + Level 2.8 Armour
 + Level 3.0 Shields


You had one spell level left.
You didn't know any spells.

Dungeon Overview and Level Annotations

Branches:
Dungeon (1/15)

Altars:


Innate Abilities, Weirdness & Mutations

When seriously injured, your bleeding wounds create armour. (AC +0)


Message History

The frilled lizard bites you but does no damage. x2
Your shield and scale mail prevent you from hitting the frilled lizard.
You block the frilled lizard's attack.
You hit the frilled lizard.
The frilled lizard is heavily wounded.
The frilled lizard closely misses you.
You riposte.
You hit the frilled lizard.
You kill the frilled lizard!
Your Shields skill increases to level 3!
No target in view!
No target in view!
No target in view!
No target in view!
Things that are here:
a dagger; a kobold corpse No target in view!
You now have 43 gold pieces (gained 10).
j - an orange potion Quiver which item? (- for none, * to show all) (? for menu, Esc to quit)
Okay, then.
Are you sure you want to abandon this character and quit the game? (Confirm with "yes".)

... ..## .. ... ######.
#.# .....#.##.#######
.......†.........
#.#..)........
.###.#..#...#....
>......(.....(...
.#####.@.##.#.#.#
.........# .# # #
....#....# # #... ###
#....# .#.##
###.#...###+#.....
#...............# #..
#.(.....†.......# .. +..
#...............# #..#..
###.........#.#.#.#..#..


There were no monsters in sight!

Vanquished Creatures
  2 bats (D:1)
  4 jackals (D:1)
  2 kobolds (D:1)
  A frilled lizard (D:1)
  2 rats (D:1)
11 creatures vanquished.

Notes
Turn   | Place    | Note
-------+----------+-------------------------------------------
     0 | D:1      | vishdafish the Demonspawn Fighter began the quest for the Orb.
     0 | D:1      | Reached XP level 1. HP: 18/18 MP: 1/1
   146 | D:1      | Gained mutation: When seriously injured, your bleeding wounds create armour. (AC +0) [demonic ancestry]
   146 | D:1      | Reached XP level 2. HP: 21/24 MP: 2/2
   194 | D:1      | Quit the game

Vault maps used:
D:1:      dpeg_arrival_fog

Skill      XL: |  1  2 |
---------------+-------+-----
Long Blades    | 2 |  2.0
Shields        | 3 |  3.0
Fighting       | |  3.1
Armour         | |  2.8

Action                   || total
-------------------------++-------
Melee: Long sword        ||    42
Armor: Scale mail        ||    43
Dodge: Dodged            ||    22
Block: Shield            ||    40
       Rpst.: Long sword ||     7

Table legend:
 A = Spawn XP
 B = Non-spawn XP
 C = Spawn XP percentage of total XP
 D = Spawn monster count
 E = Non-spawn monster count
 F = Spawn count percentage of total count
 G = Total turns spent on level
                    A         B        C        D         E        F      G
               +---------+---------+-------+---------+---------+-------+---------
         Total |       0 |      17 |   0.0 |       0 |      11 |   0.0 |   194
               +---------+---------+-------+---------+---------+-------+---------
           D:1 |       0 |      17 |   0.0 |       0 |      11 |   0.0 |   194
               +---------+---------+-------+---------+---------+-------+---------
